 Dungeon Crawl Stone Soup version 0.31.0-4-g52a2dc7128 (webtiles) character file.

Game seed: 3553696291116255700

914 Hopman the Grasshopper (level 7, -1/36 HPs)
             Began as a Spriggan Warper on Jan 21, 2024.
             Incinerated by a bombardier beetle (5 damage)
             ... with a burning spray
             ... on level 5 of the Dungeon.
             The game lasted 00:28:24 (5865 turns).

Hopman the Grasshopper (Spriggan Warper)            Turns: 5865, Time: 00:28:25

Health: -1/36      AC:  4    Str: 10    XL:     7   Next: 82%
Magic:  14/14      EV: 35    Int: 14    God:
Gold:   322        SH:  0    Dex: 19    Spells: 7/14 levels left

rFire   x . .        a - +5 dagger "Deitolun" {drain, Will+ Str+3 Dex+2}
rCold   + . .        (no shield)
rNeg    . . .        f - +0 robe
rPois   .            i - +2 hat
rElec   .            (no cloak)
rCorr   .            (gloves unavailable)
SInv    +            (boots unavailable)
Will    ++...        e - amulet of the acrobat
Stlth   ++           k - ring of ice
HPRegen 0.26/turn    v - ring of wizardry
MPRegen 0.14/turn

%: acrobat, wizardry (x1)
@: on fire, acrobatic, glowing, very quick
A: very small, no large weapons, unfitting armour, see invisible, speed 3
a: no special abilities


You were on level 5 of the Dungeon.
You visited 1 branch of the dungeon, and saw 5 of its levels.
You also visited: Sewer.

You collected 322 gold pieces.

Inventory:

Hand Weapons
 a - the +5 dagger "Deitolun" (weapon) {drain, Will+ Str+3 Dex+2}
   (You found it on level 3 of the Dungeon)

   Str+3:     It affects your strength (+3).
   Dex+2:     It affects your dexterity (+2).
   Will+:     It increases your willpower.
 b - a +3 sling
 p - a +0 dagger of venom
Missiles
 d - 6 darts of dispersal (quivered)
 n - 25 poisoned darts
Armour
 f - a +0 robe (worn)
 i - a +2 hat (worn)
Jewellery
 e - an amulet of the acrobat (around neck)
 k - a ring of ice (left hand)
 v - a ring of wizardry (right hand)
Wands
 u - a wand of iceblast (2)
Scrolls
 c - 3 scrolls of blinking
 l - a scroll of identify
 q - a scroll of poison {unknown}
 r - a scroll of noise
 s - a scroll of fog {unknown}
 t - a scroll of vulnerability {unknown}
Potions
 g - a potion of haste
 h - a potion of might {unknown}
 j - 2 potions of curing
 m - a potion of mutation {unknown}
 o - a potion of invisibility {unknown}
 w - a potion of resistance {unknown}
 x - a potion of cancellation {unknown}
 z - a potion of berserk rage {unknown}


   Skills:
 + Level 3.0 Fighting
 * Level 5.0 Short Blades
 + Level 2.4 Ranged Weapons
 - Level 1.1 Throwing
 + Level 5.1 Dodging
 * Level 6.1 Stealth
 + Level 4.4 Spellcasting
 + Level 6.1 Translocations


You had 7 spell levels left.
You knew the following spells:

 Your Spells              Type           Power      Damage    Failure   Level
a - Blink                 Tloc           40%        N/A       1%          2
b - Lesser Beckoning      Tloc           40%        N/A       1%          2
c - Teleport Other        Tloc           20%        N/A       1%          3

Your spell library contained the following spells:

 Spells                   Type           Power      Damage    Failure   Level
 Momentum Strike          Conj/Tloc      22%        3d8       3%          2
 Manifold Assault         Tloc           20%        N/A       6%          4
 Cigotuvi's Dreadful Rot  Necr/Alch/Air  6%         N/A       12%         2
 Vhi's Electric Charge    Tloc/Air       22%        N/A       21%         4
 Ozocubu's Armour         Ice            4%         N/A       22%         3
 Dispel Undead            Necr           3%         3d7       56%         4
 Martyr's Knell           Necr/Summ      3%         N/A       56%         4
 Metabolic Englaciation   Hex/Ice        2%         N/A       87%         5
 Death Channel            Necr           1%         N/A       100%        6
 Sculpt Simulacrum        Ice/Alch       2%         N/A       100%        6


Dungeon Overview and Level Annotations

Branches:
Dungeon (5/15)              Sewer (visited)
 Temple: D:4-7

Altars:
Hepliaklqana
Qazlal
Ru
Yredelemnul
Zin

Annotations:
D:5 Blork the orc


Innate Abilities, Weirdness & Mutations

You are very small and have problems with some larger weapons.
You are too small for most types of armour.
You have supernaturally acute eyesight. (SInv)
You cover ground extremely quickly. (Speed+++)


Message History

The sling bullet hits the bombardier beetle.
The bombardier beetle is almost dead.
The liquid fire burns you!
The bombardier beetle sprays incendiary fluid at you.
The burning spray hits you.
You are even more covered in liquid fire!
Fire: b) +3 sling
Press: ? - help, Q - select action, (/) - cycle Shift-Dir - straight line, f/p - bombardier beetle
Aim: a bombardier beetle (almost dead, 73% to hit)
You shoot a sling bullet.
The sling bullet barely misses the bombardier beetle.
The liquid fire burns you!
* * * LOW HITPOINT WARNING * * *
You feel better. The liquid fire burns you!
Fire: b) +3 sling
Press: ? - help, Q - select action, (/) - cycle Shift-Dir - straight line, f/p - bombardier beetle
Aim: a bombardier beetle (almost dead, 73% to hit)
Okay, then.
You feel stronger.
You feel agile.
You sense an unholy aura.
a - the +5 dagger "Deitolun" (weapon)
{drain, Will+ Str+3 Dex+2} The liquid fire burns you!
You closely miss the bombardier beetle.
The bombardier beetle is almost dead.
The liquid fire burns you!
You closely miss the bombardier beetle.
The bombardier beetle is almost dead.
The liquid fire burns you!
* * * LOW HITPOINT WARNING * * *
The bombardier beetle completely misses you.
You hit the bombardier beetle.
You kill the bombardier beetle!
The liquid fire burns you!
* * * LOW HITPOINT WARNING * * *
Your Short Blades skill increases to level 5!
Found a purple potion.
You shake off some of the fire as you move.
The liquid fire burns you!
You die...

#. #.###.# #.#.
#.####.#...#########.#.
......#.#...........##
#.# #..#.############
..###...............
.###
#.#..#.############
.....##.#.#.#
..........#.#
......#@###.# ........#
#.# ......#.# #.#
#...###.# #.# #... #.#
#.# ##. ... #.! ###


There were no monsters in sight!

Vanquished Creatures
  A water moccasin (D:5)
  An ice beast (D:5)
  An ogre (D:5)
  2 bullfrogs (Sewer)
  2 bombardier beetles (D:5)
  A jelly (D:3)
  An orc priest (D:5)
  2 iguanas
  2 orc wizards (D:5)
  6 gnolls (D:3)
  5 adders
  9 dart slugs
  3 ribbon worms
  6 orcs (D:5)
  10 ball pythons
  A bat (D:1)
  6 endoplasms
  9 giant cockroaches
  29 hobgoblins
  9 kobolds
  A quokka (D:1)
  14 frilled lizards
  27 goblins
  3 rats
151 creatures vanquished.

Notes
Turn   | Place    | Note
-------+----------+-------------------------------------------
     0 | D:1      | Hopman the Spriggan Warper began the quest for the Orb.
     0 | D:1      | Reached XP level 1. HP: 10/10 MP: 5/5
   285 | D:1      | Reached XP level 2. HP: 9/15 MP: 6/6
   526 | D:1      | Learned a level 2 spell: Blink
   529 | D:1      | Learned a level 2 spell: Lesser Beckoning
   556 | D:1      | Reached skill level 1 in Stealth
  1318 | D:2      | Reached XP level 3. HP: 9/18 MP: 8/8
  1866 | D:3      | Identified the +5 dagger "Deitolun" {drain, Will+ Str+3
                  | Dex+2}
  2126 | D:3      | Reached XP level 4. HP: 23/23 MP: 9/9
  2235 | D:3      | Reached skill level 5 in Translocations
  2375 | D:3      | Reached skill level 1 in Ranged Weapons
  2375 | D:3      | Reached XP level 5. HP: 18/26 MP: 10/10
  3456 | D:4      | Found a hazy altar of Hepliaklqana.
  3706 | D:4      | Found a basalt altar of Yredelemnul.
  4021 | D:4      | Found a glowing silver altar of Zin.
  4055 | D:5      | Entered Level 5 of the Dungeon
  4182 | D:5      | Reached XP level 6. HP: 31/31 MP: 12/12
  4257 | D:5      | Found a sacrificial altar of Ru.
  4274 | D:5      | Learned a level 3 spell: Teleport Other
  4304 | D:5      | Noticed an ice beast
  4308 | D:5      | Killed an ice beast
  4312 | D:5      | Noticed Blork the orc
  4361 | D:5      | Noticed a water moccasin
  4470 | D:5      | Found a glowing drain.
  4484 | Sewer    | Entered a sewer
  4799 | Sewer    | Reached skill level 5 in Stealth
  4799 | Sewer    | Reached XP level 7. HP: 17/35 MP: 10/14
  5451 | D:5      | Found a stormy altar of Qazlal.
  5659 | D:5      | Reached skill level 5 in Dodging
  5865 | D:5      | Reached skill level 5 in Short Blades
  5865 | D:5      | Incinerated by a bombardier beetle

Illustrated notes

Levels and vault maps discovered:
D:1:      wander_arrival_fairy_ring, layout_loops_ring, minmay_tromino_v4_b
D:2:      layout_basic
D:3:      minmay_goblin_kobold_castle, layout_loops_ring
D:4:      layout_layer_cave, zin_treasury, yredelemnul_altar_generic,
          kennysheep_mini, minmay_liquid_box
D:5:      layout_loops_ring, mainiacjoe_overflow_catwalk,
          mainiacjoe_overflow_chevrons, cheibrodos_sewer_entry_sluice,
          uniq_blork_the_orc

Skill      XL: |  1  2  3  4  5  6  7 |
---------------+----------------------+-----
Stealth        | 1 2 3 5 6 |  6.1
Spellcasting   | 3 4 |  4.4
Fighting       | 2 3 |  3.0
Translocations | 5 6 |  6.1
Short Blades   | 3 4 5 |  5.0
Dodging        | 4 5 |  5.1
Ranged Weapons | 1 2 |  2.4
Throwing       | |  1.1

Action                     |  1- 3 |  4- 6 |  7- 9 || total
---------------------------+-------+-------+-------++-------
  Melee: Short sword       |    29 |       |       ||    29
         Punch             |     1 |       |     1 ||     2
         Dagger            |    46 |   191 |    37 ||   274
   Fire: Sling             |    56 |    89 |    43 ||   188
  Throw: Dart              |       |       |     1 ||     1
   Cast: Blink             |       |     1 |     1 ||     2
         Teleport Other    |       |       |     2 ||     2
    Use: Scroll            |       |     6 |       ||     6
         Potion            |       |       |     1 ||     1
   Stab: Sleeping          |     3 |     5 |       ||     8
 Armour: Robe              |    13 |    47 |    17 ||    77
  Dodge: Dodged            |    66 |   161 |    56 ||   283
